 Dungeon Crawl Stone Soup version 0.29.1-15-g9cfb28693d (webtiles) character file.

Game seed: 15870767957440590208

35 hawla the Chiller (level 3, -4/27 HPs)
             Began as a Meteoran Ice Elementalist on Apr 13, 2023.
             Slain by Blork the orc
             ... wielding a +1 mace of venom
              (7 damage)
             ... on level 4 of the Dungeon.
             The game lasted 00:01:40 (241 turns).

hawla the Chiller (Meteoran Ice Elementalist)        Turns: 241, Time: 00:01:40

Health: -4/27      AC:  2    Str: 10    XL:     3   Next: 79%
Magic:  5/8        EV: 12    Int: 18    God:
Gold:   19         SH:  0    Dex: 14    Spells: 4/8 levels left

rFire   . . .      SeeInvis .   (no weapon)
rCold   . . .      Faith    .   (no shield)
rNeg    . . .      Spirit   .   a - +0 robe
rPois   .          Reflect  .   (no helmet)
rElec   .          Harm     .   (no cloak)
rCorr   .          Rampage  .   (no gloves)
Will    .....                   (no boots)
Stlth   +.........              (no amulet)
HPRegen 0.09/turn               (no ring)
MPRegen 0.11/turn               (no ring)

@: mighty, lethally poisoned (-4 -> -10), glowing
A: sense surroundings 1, otherworldly, glowing, explore regen
a: no special abilities


You were on level 4 of the Dungeon.
You visited 1 branch of the dungeon, and saw 4 of its levels.

You collected 19 gold pieces.

Inventory:

Armour
 a - a +0 robe (worn)
Jewellery
 e - a ring of willpower
Scrolls
 c - a scroll of enchant weapon
Potions
 b - a potion of curing


   Skills:
 + Level 0.9 Fighting
 + Level 2.5 Dodging
 - Level 1.4 Stealth
 + Level 3.0 Spellcasting
 + Level 5.3 Ice Magic


You had 4 spell levels left.
You knew the following spells:

 Your Spells              Type           Power      Damage    Failure   Level
a - Freeze                Ice            84%        1d10      1%          1
b - Frozen Ramparts       Ice            42%        1d7       5%          3

Your spell library contained the following spells:

 Spells                   Type           Power      Damage    Failure   Level
 Ozocubu's Armour         Ice            21%        N/A       5%          3
 Sublimation of Blood     Necr           2%         N/A       24%         2
 Wereblood                Tmut           2%         N/A       24%         2
 Hailstorm                Conj/Ice       12%        3d5       50%         4
 Ozocubu's Refrigeration  Ice            10%        4d9       100%        7
 Summon Hydra             Summ           1%         N/A       100%        7


Dungeon Overview and Level Annotations

Branches:
Dungeon (4/15) Zot: 2159
 Temple: D:4-7

Altars:
Gozag

Annotations:
D:4 Blork the orc


Innate Abilities, Weirdness & Mutations

You passively map a small area around you.
You are easily found by Zot.
You glow in the dark.
You regain HP and MP as you explore.


Message History

You freeze the iguana!
You kill the iguana!
Your Spellcasting skill increases to level 3!
Your Ice Magic skill increases to level 5!
You have reached level 3!
Your experience leads to an increase in your attributes!
Increase (S)trength, (I)ntelligence, or (D)exterity?
You feel clever. x2; You feel stronger.
This spell is quite dangerous to cast!
Memorise Frozen Ramparts, consuming 3 spell levels and leaving 4?
You start memorising the spell.
You continue memorising. x3
The hobgoblin shouts!
You hear a shout! x2
You finish memorising.
Spell assigned to 'b'.
Unknown command.
Found 31 gold pieces.
There is an escape hatch in the floor here.
Found 23 gold pieces.
Found an opulent altar of Gozag.
Found 15 gold pieces.
An adder comes into view.
Blork the orc comes into view.
He is wielding a +1 mace of venom.
Blork the orc shouts!
The adder hisses angrily.
Found a scroll labelled CEATILYAKI.
As you read the scroll labelled SAQIKADATE, it crumbles to dust.
It is a scroll of enchant weapon.
You aren't carrying any weapons that can be enchanted.
As you read the scroll labelled CEATILYAKI, it crumbles to dust.
It is a scroll of identify.
b - a potion of curing Blork the orc hits you with a +1 mace of venom!
* * * LOW HITPOINT WARNING * * *
You are lethally poisoned!
Unknown command.
* * * LOW HITPOINT WARNING * * *
You feel sick.
Blork the orc suddenly grunts.
The hobgoblin hits you.
* * * LOW HITPOINT WARNING * * *
Blork the orc attacks as you move away!
Blork the orc hits you with a +1 mace of venom!
You die...

, * * ,* K# , * .###,
* * ,, , * .P.# ** *
* ...# # * ...#.# * ,
, .....#
..############...####
.......o@gSK>[.......
**
..###+###.#####.####.
#.#....$#.... , .. ,
..#..$$.#.#.## ##
#.#$$_..#.#.# *
?.#...$.#.. # ,
#.#.....#.## * * ,
..#######.# *,, ,


You could see Blork the orc, an adder, a hobgoblin and a kobold.

Vanquished Creatures
  An iguana (D:4)
  A dart slug (D:1)
  A bat (D:1)
  2 goblins
  2 hobgoblins (D:1)
  A kobold (D:1)
8 creatures vanquished.

Notes
Turn   | Place    | Note
-------+----------+-------------------------------------------
     0 | D:1      | hawla the Meteoran Ice Elementalist began the quest for the
                  | Orb.
     0 | D:1      | Reached XP level 1. HP: 14/14 MP: 5/5
    38 | D:1      | Reached XP level 2. HP: 4/22 MP: 3/6
   228 | D:4      | Reached skill level 5 in Ice Magic
   228 | D:4      | Reached XP level 3. HP: 7/27 MP: 3/8
   232 | D:4      | Learned a level 3 spell: Frozen Ramparts
   233 | D:4      | Found an opulent altar of Gozag.
   235 | D:4      | Noticed Blork the orc
   241 | D:4      | Slain by Blork the orc

Illustrated notes

Levels and vault maps discovered:
D:1:      dpeg_arrival_orchard, layout_basic, minmay_misc_feat_nine_boxes
D:2:      layout_basic, chequers_ecumenical_altar_grove
D:3:      layout_loops_ring, mainiacjoe_overflow_chevrons, uniq_terence,
          uniq_crazy_yiuf_cottage
D:4:      layout_loops_ring, amcnicky_altar_gilded,
          nicolae_overflow_hidden_temple, minmay_temple_entry_slanted,
          serial_shops, shop, serial_undead, serial_undead_c, serial_undead_f,
          serial_undead_f, serial_undead_e, st_stairs_13, uniq_menkaure,
          uniq_pikel, uniq_duvessa, uniq_blork_the_orc

Skill      XL: |  1  2 |
---------------+-------+-----
Spellcasting   | 3 |  3.0
Ice Magic      | 5 |  5.3
Fighting       | |  0.9
Dodging        | |  2.5
Stealth        | |  1.4

Action                   || total
-------------------------++-------
Melee: Unarmed           ||     5
 Cast: Freeze            ||    16
  Use: Potion            ||     2
       Scroll            ||     2
Armor: Robe              ||     3
Dodge: Dodged            ||    14
